 Dungeon Crawl Stone Soup version 0.28.0-53-g5a82cb258f (webtiles) character file.

Game seed: 7935749600200190173

54 safid the Digger (level 3, -3/21 HPs)
             Began as a Gargoyle Earth Elementalist on Aug 25, 2022.
             Frozen to death by an endoplasm (4 damage)
             ... on level 2 of the Dungeon.
             The game lasted 00:04:01 (1928 turns).

safid the Digger (Gargoyle Earth Elementalist)      Turns: 1928, Time: 00:04:02

Health: -3/21      AC:  5    Str: 11    XL:     3   Next: 91%
Magic:  5/6        EV: 12    Int: 17    God:
Gold:   48         SH:  0    Dex: 10    Spells: 3/7 levels left

rFire   . . .      SeeInvis .   k - +0 short sword (vamp)
rCold   . . .      Faith    .   (no shield)
rNeg    + . .      Spirit   .   b - +0 robe
rPois   ∞          Reflect  .   (no helmet)
rElec   +          Harm     .   (no cloak)
rCorr   .          Rampage  .   (no gloves)
Will    .....                   (no boots)
Stlth   ++........              (no amulet)
HPRegen 0.07/turn               (no ring)
MPRegen 0.10/turn               (no ring)

@: no status effects
A: sickness immunity, AC +3, negative energy resistance 1, electricity
resistance, torment resistance 1, petrification resistance
a: no special abilities


You were on level 2 of the Dungeon.
You visited 1 branch of the dungeon, and saw 2 of its levels.

You collected 48 gold pieces.

Inventory:

Hand Weapons
 k - a +0 vampiric short sword (weapon)
Missiles
 c - 42 stones
 h - 5 poisoned darts
Armour
 b - a +0 robe (worn)
Scrolls
 e - a scroll of identify {unknown}
 f - 2 scrolls of vulnerability {unknown}
 g - a scroll of noise {unknown}
 i - a scroll of teleportation {unknown}
Potions
 a - a potion of haste {unknown}
 j - a potion of invisibility {unknown}


   Skills:
 + Level 1.7 Fighting
 - Level 2.0 Dodging
 - Level 2.1 Stealth
 + Level 2.5 Spellcasting
 - Level 1.0 Transmutations
 + Level 4.2 Earth Magic


You had 3 spell levels left.
You knew the following spells:

 Your Spells              Type           Power      Damage    Failure   Level
a - Sandblast             Erth           32%        2d9       3%          1
b - Stone Arrow           Conj/Erth      18%        3d8       22%         3

Your spell library contained the following spells:

 Spells                   Type           Power      Damage    Failure   Level
 Passwall                 Tmut/Erth      9%         N/A       10%         2
 Wereblood                Tmut           5%         N/A       19%         2
 Scorch                   Fire           4%         2d5       28%         2
 Petrify                  Tmut/Erth      11%        N/A       52%         4
 Flame Wave               Conj/Fire      2%         2d4       88%         4
 Summon Cactus Giant      Summ           1%         N/A       100%        6
 Summon Hydra             Summ           1%         N/A       100%        7
 Sublimation of Blood     Necr           Unusable   N/A       N/A         2

Dungeon Overview and Level Annotations

Branches:
Dungeon (2/15)

Altars:

Shops:
D:1 :   D:2 (


Innate Abilities, Weirdness & Mutations

You are immune to sickness and miasma.
Your stone body is resilient. (AC +3)
You are immune to poison.
You resist negative energy. (rN+)
You are resistant to electric shocks. (rElec)
You are resistant to unholy torment.
You are immune to petrification.


Message History

You hit the goblin.
The goblin is severely wounded.
The goblin hits you but does no damage.
You hit the goblin but do no damage.
The goblin is severely wounded.
The goblin hits you but does no damage. The black bear bites you.
The black bear claws you but does no damage.
The black bear closely misses you. The goblin completely misses you.
You completely miss the goblin.
The goblin is severely wounded.
The black bear closely misses you. The black bear barely misses you.
The black bear closely misses you. The goblin closely misses you.
You barely miss the goblin.
The goblin is severely wounded.
The black bear bites you. The black bear claws you. x2
The goblin hits you with a +0 club.
* * * LOW HITPOINT WARNING * * *
You are too injured to fight recklessly!
You are too injured to fight recklessly!
You are too injured to fight recklessly!
Unknown command.
Found a human corpse.
Found Nokaican's Weapon Emporium.
An endoplasm comes into view.
The endoplasm quivers.
You see here a +0 dagger.
A frilled lizard comes into view.
Casting: Sandblast (safe; 3% risk of failure)
Confirm with . or Enter, or press ? or * to list all spells.
Aiming: Sandblast (safe; 3% risk of failure)
Press: ? - help, Shift-Dir - straight line, f - black bear
Aim: a black bear (85% to hit)
The blast of sand hits the black bear!
The black bear is moderately wounded.
The black bear bites you.
* * * LOW HITPOINT WARNING * * *
The black bear claws you but does no damage. x2
The frilled lizard hisses angrily.
The endoplasm freezes you.
You are frozen.
You die...

## ..# ## #..#
.########..# ####
...........## ###..#
.###........####....#####
###..##..#..##....[.....#
##..###.....##..........#
##.###..................#
.#.###.)##.##...@.l..^..#
...............J.#h.....#
...#............##......#
.........)..............#
#.#....##..#########.#.##
.....####...÷...... .# #
....## ##..####.#.. .#
.#J<# #...# #
...#####..##


You could see a black bear, an endoplasm and a frilled lizard.

Vanquished Creatures
  A gnoll (D:1)
  A dart slug (D:1)
  3 ball pythons (D:1)
  5 bats
  2 endoplasms (D:1)
  2 giant cockroaches
  3 goblins
  3 hobgoblins (D:1)
  4 quokkas
  4 frilled lizards
  7 kobolds
  5 rats
40 creatures vanquished.

Notes
Turn   | Place    | Note
-------+----------+-------------------------------------------
     0 | D:1      | safid the Gargoyle Earth Elementalist began the quest for
                  | the Orb.
     0 | D:1      | Reached XP level 1. HP: 10/10 MP: 3/3
   114 | D:1      | Reached skill level 1 in Transmutations
   114 | D:1      | Reached XP level 2. HP: 16/16 MP: 1/5
   262 | D:1      | Reached skill level 1 in Fighting
   347 | D:1      | Found Geitun's Book Emporium.
   510 | D:1      | Found a faded altar of an unknown god.
   518 | D:1      | Reached XP level 3. HP: 20/20 MP: 4/6
   568 | D:1      | Reached skill level 4 in Earth Magic
   717 | D:1      | Learned a level 3 spell: Stone Arrow
  1883 | D:2      | Noticed a black bear
  1896 | D:2      | Found Nokaican's Weapon Emporium.
  1923 | D:2      | HP: 1/21 [black bear (6)]
  1928 | D:2      | Frozen to death by an endoplasm

Illustrated notes

Levels and vault maps discovered:
D:1:      dpeg_arrival_central, layout_rooms, serial_shops, shop,
          shapermc_ecumenical_altar_acropolis, grunt_decor_fettered,
          chequers_serial_rivers_small_3
D:2:      minmay_wonky_spiral, layout_rooms, serial_shops,
          nicolae_shop_bloodbath_and_beyond

Skill      XL: |  1  2  3 |
---------------+----------+-----
Transmutations | 1 |  1.0
Fighting       | 1 |  1.7
Earth Magic    | 4 |  4.2
Dodging        | 2 |  2.0
Stealth        | |  2.1
Spellcasting   | |  2.5

Action                   || total
-------------------------++-------
Melee: Dagger            ||   115
       Unarmed           ||    13
       Short sword       ||    36
       Punch             ||     1
 Cast: Sandblast         ||    20
 Stab: Sleeping          ||     2
Armor: Robe              ||    75
Dodge: Dodged            ||   125
